 Dungeon Crawl Stone Soup version 0.26-a0-682-g294304f6e8 (webtiles) character file.

Game seed: 18276320214103401691

26 lunkers the Ruffian (level 2, -1/23 HPs)
             Began as a Draconian Transmuter on Oct 20, 2020.
             Slain by a centaur zombie (5 damage)
             ... on level 4 of the Dungeon.
             The game lasted 00:01:55 (1037 turns).

lunkers the Ruffian (Draconian Transmuter)          Turns: 1037, Time: 00:01:55

Health: -1/23      AC:  5    Str: 12    XL:     2   Next: 89%
Magic:  4/5        EV: 12    Int: 13    God:
Gold:   125        SH:  0    Dex: 11    Spells: 4/5 levels left

rFire    . . .     SeeInvis .     - Unarmed
rCold    . . .     Faith    .   (no shield)
rNeg     . . .     Spirit   .   (armour unavailable)
rPois    .         Reflect  .   (helmet currently unavailable)
rElec    .         Harm     .   d - +0 cloak
rCorr    .         Rampage  .   (no gloves)
MR       .....                  (boots currently unavailable)
Stlth    +.........             (no amulet)
HPRegen  0.07/turn              (no ring)
MPRegen  0.09/turn              (no ring)

@: appendages (expiring)
A: unfitting armour, horns 2, talons 2, cold-blooded, AC +4
a: End Transformation


You were on level 4 of the Dungeon.
You had grown temporary horns.
You had grown temporary talons.
You visited 1 branch of the dungeon, and saw 3 of its levels.

You collected 125 gold pieces.

Inventory:

Armour
 d - a +0 cloak (worn)
Jewellery
 c - an uncursed ring of stealth {unknown}
 h - an uncursed amulet of faith
Scrolls
 a - a scroll of magic mapping {unknown}
 b - a scroll of remove curse {unknown}
 e - a scroll of blinking {unknown}
 i - a scroll of enchant armour {unknown}
 j - a scroll of amnesia {unknown}
Potions
 f - a potion of magic {unknown}
 g - a potion of mutation {unknown}
 k - a potion of degeneration {unknown}


   Skills:
 - Level 1.1 Fighting
 - Level 1.7 Dodging
 + Level 3.6 Unarmed Combat
 - Level 2.0 Spellcasting
 + Level 2.8 Transmutations


You had 4 spell levels left.
You knew the following spells:

 Your Spells              Type           Power        Failure   Level
p - Beastly Appendage     Tmut           #.....       9%          1

Your spell library contained the following spells:

 Spells                   Type           Power        Failure   Level
 Wereblood                Tmut           #.......     12%         2
 Spider Form              Tmut/Pois      #.........   41%         3
 Ice Form                 Ice/Tmut       #.......     82%         4
 Blade Hands              Tmut           #.........   92%         5


Dungeon Overview and Level Annotations

Branches:
Dungeon (2/15)

Altars:


Innate Abilities, Weirdness & Mutations

Your plain brown scales are hard. (AC +4)
You cannot fit into any form of body armour.
You are cold-blooded and may be slowed by cold attacks.
You have a pair of horns on your head.
You have razor-sharp toenails.


Message History

You hit the centaur zombie.
You tail-slap the centaur zombie, but do no damage.
The centaur zombie is heavily damaged.
The centaur zombie hits you but does no damage. x2
You hit the centaur zombie.
The centaur zombie is heavily damaged.
The centaur zombie barely misses you.
You hit the centaur zombie.
The centaur zombie is severely damaged.
Your transformation is almost over.
The centaur zombie misses you.
You hit the centaur zombie but do no damage.
You claw the centaur zombie. You headbutt the centaur zombie.
The centaur zombie is severely damaged.
The centaur zombie hits you.
* * * LOW HITPOINT WARNING * * *
You hit the centaur zombie.
The centaur zombie is almost destroyed.
The centaur zombie hits you.
You die...

##### ## #..$.
#.#
###....##..###
...).........#
.[....Z@.#
....####.# .
.# .. #.. #..
... ##..


You could see a centaur zombie.

Vanquished Creatures
  A dart slug (D:1)
  A ball python (D:1)
  3 goblins (D:1)
  5 hobgoblins (D:1)
  4 kobolds (D:1)
  3 bats (D:1)
  A frilled lizard (D:1)
  4 rats
22 creatures vanquished.

Notes
Turn   | Place    | Note
-------+----------+-------------------------------------------
     0 | D:1      | lunkers the Draconian Transmuter began the quest for the
                  | Orb.
     0 | D:1      | Reached XP level 1. HP: 16/16 MP: 3/3
   195 | D:1      | Reached XP level 2. HP: 23/23 MP: 3/5
  1028 | D:2      | You fall into a shaft and drop 2 floors!
  1037 | D:4      | Slain by a centaur zombie

Illustrated notes

Levels and vault maps discovered:
D:1:      tarquinn_simple_flora_water_b, layout_basic, grunt_decor_cap
D:2:      layout_loops_ring, nicolae_overflow_crystal_walls,
          hangedman_decor_clover_reticule
D:4:      layout_basic, nicolae_ossuary_entry_catacombs,
          ebering_ghost_disaster_area, minmay_vboxes, uniq_edmund

Action                   || total
-------------------------++-------
Melee: Unarmed           ||    55
       Kick              ||    11
       Tailslap          ||     7
       Headbutt          ||     3
 Cast: Beastly Appendage ||    19
Armor: Skin              ||    16
Dodge: Dodged            ||    37

Table legend: (Time is in decaauts)
 A = Elapsed time spent in this place.
 B = Non-inter-level travel time spent in this place.
 C = Inter-level travel time spent in this place.
 D = Time resting spent in this place.
 E = Time spent auto-exploring this place.
 F = Levels seen in this place.
 G = Mean time per level.
                   A        B        C        D        E       F      G
               +--------+--------+--------+--------+--------+-----+--------+
         Total |   1032 |   1003 |     29 |      0 |    838 |   3 |  344.0 |
       Dungeon |   1032 |   1003 |     29 |      0 |    838 |   3 |  344.0 |
               +--------+--------+--------+--------+--------+-----+--------+

Top non-repeatable levels by time:
     D:1: 989 daAuts
     D:2: 35 daAuts
     D:4: 8 daAuts
